 Dungeon Crawl Stone Soup version 0.31.0-32-g396128a36d (webtiles) character file.

Game seed: 3161484529925831231

247 mainiacjoe the Grave Robber (level 6, -10/36 HPs)
             Began as an Octopode Necromancer on Mar 21, 2024.
             Killed by divine providence
             ... invoked by an orc priest
              (15 damage)
             ... on level 4 of the Dungeon.
             The game lasted 00:07:56 (3410 turns).

mainiacjoe the Grave Robber (Octopode Necromancer)  Turns: 3410, Time: 00:07:58

Health: -10/36     AC:  1    Str:  7    XL:     6   Next: 11%
Magic:  5/9        EV: 13    Int: 26    God:
Gold:   29         SH:  0    Dex: 12    Spells: 1/9 levels left

rFire   . . .        d - +4 whip
rCold   . . .        (no shield)
rNeg    . . .        (helmet restricted)
rPois   .            (no amulet)
rElec   .            g - +6 ring of intelligence
rCorr   .            (no ring)
SInv    .            (no ring)
Will    .....        (no ring)
Stlth   +++          (no ring)
HPRegen 0.26/turn    (no ring)
MPRegen 0.11/turn    (no ring)
                     (no ring)

%: no passive effects
@: no status effects
A: almost no armour, amphibious, 8 rings, camouflage 1, gelatinous body 1,
(nimble swimmer 1), tentacles
a: no special abilities


You were on level 4 of the Dungeon.
You visited 1 branch of the dungeon, and saw 4 of its levels.

You collected 163 gold pieces.
You spent 134 gold pieces at shops.

Inventory:

Hand Weapons
 a - a +0 dagger
 d - a +4 whip (weapon)
 j - a +1 dagger of flaming
 l - a +1 heavy spear
 p - a +0 club
 r - a +0 dagger of speed
Missiles
 e - 2 poisoned darts
 f - 14 stones
 i - 8 javelins
 k - 3 boomerangs
Jewellery
 g - a +6 ring of intelligence (left tentacle)
Wands
 m - a wand of paralysis (14)
Potions
 b - a potion of magic
 c - a potion of berserk rage {unknown}
 h - 2 potions of might
 n - a potion of degeneration {unknown}
 o - 2 potions of curing {unknown}
 q - 2 potions of heal wounds {unknown}


   Skills:
 - Level 2.0 Dodging
 - Level 2.6 Stealth
 - Level 2.0 Spellcasting
 + Level 7.2 Necromancy


You had one spell level left.
You knew the following spells:

 Your Spells              Type           Power      Damage    Failure   Level
a - Necrotise             Necr           100%       1d9       1%          1
b - Vampiric Draining     Necr           40%        2d8       1%          3
c - Animate Dead          Necr           40%        N/A       5%          4

Your spell library contained the following spells:

 Spells                   Type           Power      Damage    Failure   Level
 Curse of Agony           Necr           40%        N/A       16%         5
 Gell's Gravitas          Tloc           2%         N/A       30%         3
 Teleport Other           Tloc           2%         N/A       30%         3
 Manifold Assault         Tloc           2%         N/A       71%         4
 Dispersal                Tloc           1%         N/A       100%        6
 Disjunction              Tloc           1%         N/A       100%        8


Dungeon Overview and Level Annotations

Branches:
Dungeon (4/15)
 Temple: D:4-7

Altars:
Hepliaklqana
Qazlal
Trog
Zin

Shops:
D:1 *


Innate Abilities, Weirdness & Mutations

You cannot wear most types of armour.
You are amphibious.
You can wear up to eight rings at the same time.
Your skin changes colour to match your surroundings (Stealth+).
Your rubbery body absorbs attacks. (AC +1, EV +1)
((You are camouflaged when in or above water. (Stealth+)))
You have tentacles for arms and can constrict up to eight enemies at once.


Message History

The orc priest hits your orc skeleton with a +0 club.
Your goblin zombie closely misses the orc priest.
The orc priest barely misses your goblin zombie.
Casting: Necrotise (safe; 1% risk of failure)
Confirm with . or Enter, or press ? or * to list all spells.
You can't see any susceptible monsters within range! (Use Z to cast anyway.) Unknown command.
Your orc skeleton hits the orc priest but does no damage.
The orc priest mumbles some strange prayers to Beogh against you.
Beogh smites you!
Your goblin zombie hits the orc priest.
Casting: Necrotise (safe; 1% risk of failure)
Confirm with . or Enter, or press ? or * to list all spells.
Aiming: Necrotise (safe; 1% risk of failure)
Press: ? - help, Shift-Dir - straight line, f - orc priest
Aim: an orc priest, wielding a +0 club (chance to affect: 83%)
The orc priest writhes in agony.
Your goblin zombie barely misses the orc priest.
The orc priest mumbles some strange prayers to Beogh against you.
Beogh smites you!
* * * LOW HITPOINT WARNING * * *
The orc priest hits your goblin zombie with a +0 dagger of freezing.
Your orc skeleton closely misses the orc priest.
Your goblin zombie closely misses the orc priest.
Casting: Necrotise (safe; 1% risk of failure)
Confirm with . or Enter, or press ? or * to list all spells.
Aiming: Necrotise (safe; 1% risk of failure)
Press: ? - help, Shift-Dir - straight line, f/p - orc priest
Aim: an orc priest, wielding a +0 club (lightly wounded, chance to affect: 83%)
The orc priest writhes in agony.
Your goblin zombie barely misses the orc priest.
The orc priest hits your goblin zombie with a +0 dagger of freezing.
Your goblin zombie is destroyed!
Your orc skeleton hits the orc priest.
You whack the orc priest! You grab the orc priest.
The orc priest is almost dead.
You constrict the orc priest, but do no damage.
The orc priest barely misses you.
The orc priest calls down the wrath of Beogh upon you.
Beogh smites you!
You die...

# #### ## ####+####..##..##
#................
#........@o......
#........Z.......
#........ZoZ...$.
###########.##.##.##...##########
..#.......#.##.##.###+##.........
..#.......#....#.......#.........
..#.......#....#.......#.........
..#.......#....#.......#.........
..#.......#....#.......#.........


You could see 2 orc priests, 2 friendly goblin zombies and a friendly orc
skeleton.

Vanquished Creatures
  An ogre (D:4)
  A bombardier beetle (D:4)
  Terence (D:3)
  Robin (D:4)
  3 adders
  A dart slug (D:2)
  2 ribbon worms (D:2)
  6 orcs
  3 bats
  5 endoplasms
  3 giant cockroaches
  13 goblins
  4 hobgoblins
  5 ball pythons
  2 frilled lizards
  4 kobolds
  3 rats
58 creatures vanquished.

Vanquished Creatures (collateral kills)
  A goblin (D:4)
  A kobold (D:3)
2 creatures vanquished.

Vanquished Creatures (others)
  2 goblin zombies (D:4)
  A hobgoblin zombie (D:4)
3 creatures vanquished.

Grand Total: 63 creatures vanquished

Notes
Turn   | Place    | Note
-------+----------+-------------------------------------------
     0 | D:1      | mainiacjoe the Octopode Necromancer began the quest for the
                  | Orb.
     0 | D:1      | Reached XP level 1. HP: 11/11 MP: 3/3
   152 | D:1      | Found Gezxok's Assorted Antiques.
   330 | D:1      | Reached XP level 2. HP: 17/17 MP: 3/5
   884 | D:2      | Reached XP level 3. HP: 21/21 MP: 3/6
  1150 | D:2      | Reached skill level 5 in Necromancy
  1445 | D:3      | Found a hazy altar of Hepliaklqana.
  1451 | D:3      | Found a stormy altar of Qazlal.
  1523 | D:3      | Learned a level 3 spell: Vampiric Draining
  1532 | D:3      | Found a glowing silver altar of Zin.
  1716 | D:3      | Found a bloodstained altar of Trog.
  1800 | D:3      | Noticed Terence
  1804 | D:3      | Killed Terence
  1805 | D:3      | Reached XP level 4. HP: 19/27 MP: 0/7
  2382 | D:4      | Reached skill level 6 in Necromancy
  2483 | D:1      | Bought a pink potion for 25 gold pieces
  2483 | D:1      | Bought a scroll labelled MEILESE VOSSOISY for 28 gold
                  | pieces
  2483 | D:1      | Bought a pink potion for 25 gold pieces
  2483 | D:1      | Bought a scroll labelled UTIEN JIBAUMI for 28 gold pieces
  2604 | D:4      | Noticed an ogre
  2608 | D:4      | Killed an ogre
  2609 | D:4      | Reached XP level 5. HP: 31/31 MP: 3/8
  2614 | D:4      | Learned a level 4 spell: Animate Dead
  2738 | D:4      | Reached skill level 7 in Necromancy
  2876 | D:1      | Bought a scroll labelled XOPSYDGH WOARIT for 28 gold pieces
  2987 | D:4      | Reached XP level 6. HP: 23/36 MP: 5/9
  3104 | D:4      | Noticed Robin
  3108 | D:4      | Killed Robin
  3110 | D:4      | Your ally Robin died
  3410 | D:4      | Killed from afar by an orc priest

Illustrated notes

Levels and vault maps discovered:
D:1:      dpeg_arrival_long_road, layout_rooms, serial_shops,
          nicolae_shop_statue_plus, corner_web_ring
D:2:      layout_loops_ring, nicolae_twisty_statue_hallways
D:3:      layout_basic, mainiacjoe_overflow_alcove_4,
          nicolae_qazlal_scattered_showers, nicolae_hepliaklqana_hazy_memory,
          zin_academy, chequers_serial_rivers_micro_e, uniq_terence
D:4:      layout_gridville, uniq_robin

Skill      XL: |  1  2  3  4  5 |
---------------+----------------+-----
Necromancy     | 5 6 7 |  7.2
Dodging        | |  2.0
Stealth        | |  2.6
Spellcasting   | |  2.0

Action                     |  1- 3 |  4- 6 || total
---------------------------+-------+-------++-------
  Melee: Whip              |    29 |    29 ||    58
         Constrict         |     9 |     9 ||    18
         Unarmed           |     2 |       ||     2
         Tentacles         |     9 |    13 ||    22
         Punch             |     1 |     1 ||     2
         Dagger            |     1 |       ||     1
   Cast: Necrotise         |    42 |    24 ||    66
         Vampiric Draining |     1 |     2 ||     3
         Animate Dead      |       |     2 ||     2
    Use: Scroll            |       |     6 ||     6
   Stab: Sleeping          |     6 |       ||     6
 Armour: Skin              |    25 |    24 ||    49
  Dodge: Dodged            |    23 |    25 ||    48
